Map: Deathaura LE

Players

Geralt (Gerald) - Winner!

  • Race: Protoss Protoss
  • League: Grandmaster
  • Spawn Location: 11:00

TLHarstem (Harstem)

  • Race: Protoss Protoss
  • League: Master
  • Spawn Location: 5:00

Event: DreamHack SC2 Masters 2020 Summer Europe

VOD

Have the link to the VOD?

Description

Time

  • Played on: July 5, 2020, 12:07 p.m.
  • Length: 16:22

All games in this series

Show
View Real Time Build Order
Export as new Build Order

Geralt Protoss - Winner!

Build Orders: Blink Stalkers 

Get SALT Encoding   

  12  0:00  Probe  
  13  0:12  Probe  
  14  0:17  Pylon  
  14  0:22  Probe  
  15  0:31  Probe  
  16  0:36  Gateway  
  16  0:39  Probe  
  16  0:45  Assimilator  
  17  0:51  Probe  
  17  0:54  Assimilator  
  18  1:00  Probe  
  19  1:06  Gateway  
  19  1:08  Probe  
  19  1:18  Probe  
  20  1:24  Cybernetics Core  
  21  1:30  Probe  
  21  1:32  Pylon  
  22  1:42  Probe  
  23  1:54  Probe  
  23  2:00  Warp Gate  
  23  2:01  Stalker x2  
  28  2:06  Probe  
  28  2:08  Pylon  
  29  2:18  Probe  
  30  2:23  Pylon  
  30  2:30  Stalker  
  30  2:32  Stalker  
  35  2:37  Probe  
  35  2:46  Shield Battery  
  35  2:56  Probe  
  36  3:05  Pylon  
  35  3:12  Nexus  
  35  3:13  Probe  
  36  3:21  Probe  
  37  3:31  Probe  
  37  3:33  Twilight Council  
  38  3:39  Probe  
  38  3:45  Pylon  
  38  3:47  Probe  
  39  3:51  Blink  
  40  3:59  Forge  
  40  4:02  Probe  
  41  4:14  Dark Shrine, Probe  
  42  4:18  Sentry x2  
  46  4:24  Pylon  
  46  4:28  Probe  
  47  4:32  Probe  
  48  4:38  Protoss Ground Weapons Level 1  
  48  4:40  Probe  
  48  4:44  Probe  
  48  4:45  Photon Cannon  
  50  4:52  Assimilator, Probe  
  51  4:56  Probe  
  52  5:05  Pylon  
  52  5:07  Gateway  
  52  5:08  Gateway  
  52  5:11  Probe  
  53  5:15  Probe  
  54  5:21  Gateway x2  
  54  5:26  Dark Templar  
  56  5:29  Dark Templar  
  60  5:38  Robotics Facility  
  58  5:43  Probe  
  58  5:49  Shield Battery  
  59  6:01  Stalker  
  59  6:02  Stalker  
  63  6:14  Stalker x2  
  65  6:20  Pylon  
  65  6:22  Nexus  
  65  6:24  Probe  
  66  6:27  Stalker x3  
  66  6:31  Pylon  
  72  6:34  Probe  
  72  6:36  Probe  
  72  6:39  Observer  
  75  6:42  Probe  
  75  6:45  Gateway  
  75  6:46  Assimilator  
  76  6:50  Probe x2  
  76  6:52  Robotics Bay  
  77  7:00  Probe x2  
  78  7:03  Observer  
  78  7:04  Shield Battery  
  78  7:07  Protoss Ground Weapons Level 2  
  81  7:12  Probe x2  
  83  7:21  Photon Cannon  
  83  7:24  Probe  
  83  7:25  Probe  
  85  7:31  Probe  
  85  7:32  Probe  
  85  7:34  Pylon  
  85  7:37  Probe  
  88  7:39  Stalker, Probe  
  88  7:40  Probe  
  91  7:46  Disruptor  
  91  7:49  Probe x2  
  91  7:50  Probe, Robotics Facility  
  96  7:57  Assimilator  
  98  8:00  Assimilator  
  98  8:01  Stalker x2, Probe x2  
  104  8:07  Pylon  
  104  8:15  Disruptor, Pylon  
  104  8:23  Stalker x3  
  104  8:24  Stalker x2  
  104  8:26  Observer  
  117  8:27  Disruptor  
  117  8:29  Photon Cannon  
  120  8:42  Nexus  
  120  8:47  Disruptor  
  122  8:58  Stalker x5  
  132  9:07  Gateway  
  132  9:08  Pylon  
  132  9:09  Disruptor  
  135  9:12  Pylon  
  135  9:17  Pylon  
  135  9:20  Pylon  
  135  9:23  Disruptor  
  138  9:26  Probe  
  137  9:40  Probe  
  137  9:41  Probe  
  137  9:44  Disruptor  
  142  9:47  Probe  
  142  9:51  Photon Cannon  
  143  9:54  Gateway  
  143  9:55  Gateway  
  143  9:58  Gateway, Photon Cannon  
  143  9:59  Disruptor  
  146  10:08  Stalker  
  146  10:09  Stalker x5  
  155  10:15  Observer  
  155  10:17  Assimilator, Probe x2  
  157  10:21  Assimilator  
  157  10:23  Protoss Ground Weapons Level 3  
  157  10:27  Shadow Stride  
  156  10:49  Stalker x5  
  166  11:07  Charge  
  166  11:08  Disruptor  
  166  11:11  Stargate  
  169  11:13  Pylon  
  169  11:14  Pylon  
  169  11:25  Disruptor  
  162  11:42  Probe x2  
  162  11:44  Stalker x11, Pylon  
  186  11:54  Gateway  
  186  11:56  Pylon  
  186  12:18  Disruptor  
  147  12:34  Disruptor  
  118  12:41  Stalker x7  
  118  12:42  Stalker x4  
  134  12:44  Disruptor  
  134  12:49  Robotics Facility  
  134  12:51  Robotics Facility  
  132  12:54  Fleet Beacon  
  135  13:04  Zealot x3  
  141  13:09  Disruptor, Probe  
  144  13:20  Disruptor  
  144  13:23  Probe  
  148  13:27  Probe  
  149  13:37  Nexus  
  149  13:38  Disruptor x2, Mothership  
  163  13:44  Observer  
  161  13:50  Protoss Shields Level 1  
  161  13:51  Zealot x8  
  161  13:52  Zealot x4  
  184  14:05  Observer  
  183  14:18  Probe  
  183  14:19  Observer  
  183  14:22  Disruptor  
  185  14:32  Probe  
  184  14:39  Disruptor  
  184  14:44  Disruptor  
  184  14:45  Disruptor  
  192  15:04  Dark Templar x4  
  185  15:30  Dark Templar  
  185  15:31  Dark Templar x4, Zealot x2  
  193  15:40  Pylon  
  193  15:42  Nexus  
  160  15:58  Stalker x7  
Show
View Real Time Build Order
Export as new Build Order

TLHarstem Protoss 

Build Orders: Phoenix Opening 

Get SALT Encoding   

  12  0:00  Probe  
  13  0:13  Probe  
  14  0:17  Pylon  
  14  0:24  Probe  
  15  0:32  Probe  
  15  0:37  Gateway  
  15  0:40  Probe  
  16  0:47  Assimilator  
  17  0:51  Probe  
  17  0:55  Assimilator  
  18  0:59  Probe  
  19  1:07  Gateway, Probe  
  19  1:17  Probe  
  20  1:24  Cybernetics Core  
  21  1:29  Probe  
  22  1:33  Pylon  
  22  1:42  Probe  
  23  1:53  Warp Gate  
  23  1:54  Probe  
  24  2:01  Stalker x2  
  28  2:06  Pylon  
  28  2:28  Probe  
  29  2:31  Sentry, Stalker  
  33  2:47  Nexus  
  33  2:49  Probe  
  34  2:54  Pylon  
  34  2:59  Sentry  
  34  3:01  Probe  
  34  3:05  Phoenix  
  36  3:15  Shield Battery  
  36  3:16  Stalker  
  38  3:26  Stargate  
  38  3:33  Probe  
  39  3:42  Zealot  
  39  3:45  Probe  
  42  3:55  Probe  
  42  3:58  Probe  
  44  4:03  Forge, Twilight Council, Probe  
  44  4:06  Probe  
  45  4:10  Stalker  
  45  4:11  Probe  
  45  4:16  Probe  
  49  4:20  Stalker  
  49  4:24  Probe  
  53  4:26  Pylon  
  53  4:29  Protoss Ground Weapons Level 1, Probe  
  54  4:36  Blink, Probe  
  55  4:39  Pylon  
  55  4:41  Probe  
  56  4:49  Probe  
  57  4:53  Probe  
  58  5:00  Assimilator  
  58  5:01  Probe  
  58  5:05  Robotics Facility, Probe  
  60  5:11  Pylon  
  60  5:12  Stalker  
  62  5:14  Probe  
  62  5:17  Stalker  
  66  5:26  Probe  
  66  5:27  Gateway  
  67  5:30  Gateway  
  67  5:34  Dark Shrine  
  67  5:49  Nexus  
  66  5:50  Observer, Probe  
  66  5:51  Probe  
  69  6:01  Stalker x2  
  69  6:03  Probe  
  74  6:08  Probe  
  73  6:15  Probe  
  73  6:16  Photon Cannon  
  73  6:17  Observer  
  75  6:18  Phoenix  
  75  6:20  Probe  
  75  6:22  Stalker  
  75  6:24  Stalker  
  80  6:27  Probe  
  80  6:32  Probe, Protoss Ground Weapons Level 2  
  82  6:34  Zealot x2  
  82  6:37  Pylon  
  86  6:50  Immortal  
  86  6:53  Gateway  
  86  6:54  Gateway  
  86  6:56  Shield Battery  
  91  7:03  Dark Templar  
  91  7:07  Zealot  
  94  7:15  Dark Templar  
  96  7:17  Shield Battery, Zealot  
  96  7:19  Probe  
  96  7:20  Shield Battery  
  96  7:22  Immortal, Probe  
  100  7:24  Probe  
  100  7:29  Charge  
  100  7:31  Probe  
  100  7:34  Probe  
  106  7:42  Pylon  
  106  7:45  Probe  
  106  7:47  Photon Cannon  
  106  7:48  Probe  
  108  7:55  Gateway  
  108  7:57  Gateway  
  108  8:00  Probe  
  108  8:01  Phoenix  
  108  8:03  Assimilator  
  109  8:05  Gateway  
  109  8:07  Gateway, Warp Prism, Assimilator  
  109  8:10  Pylon  
  109  8:15  Photon Cannon  
  111  8:22  Dark Templar  
  111  8:31  Archon  
  111  8:36  Robotics Bay  
  111  8:40  Probe  
  112  8:42  Nexus  
  112  8:45  Zealot x3  
  112  8:48  Pylon  
  118  8:53  Observer  
  116  9:01  Probe  
  116  9:02  Probe  
  118  9:03  Probe  
  118  9:04  Pylon  
  118  9:09  Protoss Ground Weapons Level 3  
  117  9:10  Stalker x5  
  117  9:16  Photon Cannon  
  127  9:19  Disruptor  
  127  9:22  Probe x2  
  128  9:41  Probe  
  128  9:44  Stalker x3  
  128  9:45  Stalker x2  
  139  9:48  Pylon  
  139  9:50  Shield Battery  
  139  9:51  Probe  
  140  9:58  Disruptor  
  137  10:09  Zealot x5  
  147  10:16  Probe  
  147  10:17  Dark Templar x3  
  147  10:19  Zealot  
  156  10:32  Robotics Facility  
  156  10:34  Disruptor  
  151  10:44  Stalker x5  
  151  10:46  Photon Cannon  
  151  10:48  Pylon  
  161  10:50  Pylon  
  159  11:08  Disruptor  
  159  11:10  Disruptor  
  159  11:11  Probe  
  161  11:12  Gravitic Drive  
  161  11:14  Probe x2  
  161  11:16  Assimilator  
  159  11:19  Assimilator  
  159  11:25  Assimilator, Zealot  
  162  11:26  Zealot x3  
  161  11:34  Nexus  
  161  11:36  Pylon  
  135  11:44  Disruptor  
  135  11:45  Disruptor  
  135  11:46  Stalker x3  
  147  11:49  Zealot  
  147  11:50  Zealot x5  
  159  12:03  Zealot  
  155  12:19  Zealot  
  147  12:24  Zealot x2  
  147  12:25  Zealot x2  
  135  12:31  Zealot x3  
  125  12:39  Stalker x2  
  125  12:40  Stalker, Probe  
  125  12:41  Probe x3  
  127  12:46  Photon Cannon  
  127  12:47  Photon Cannon, Disruptor  
  127  12:49  Probe  
  127  12:50  Photon Cannon, Probe  
  130  12:52  Photon Cannon, Shield Battery  
  130  12:53  Probe  
  130  12:54  Stalker, Assimilator  
  130  12:55  Probe  
  130  12:57  Probe  
  130  12:58  Probe  
  136  13:02  Probe  
  136  13:05  Probe  
  136  13:07  Sentry  
  136  13:08  Sentry, Stalker x2  
  142  13:20  Stalker x4  
  142  13:26  Probe x3  
  153  13:31  Dark Templar  
  153  13:33  Dark Shrine  
  153  13:34  Dark Templar  
  153  13:37  Dark Templar  
  153  13:39  Disruptor  
  156  13:52  Probe  
  156  13:53  Probe  
  156  13:54  Dark Templar x5  
  168  13:58  Stalker x2  
  168  13:59  Probe  
  173  14:03  Zealot  
  173  14:07  Zealot  
  177  14:11  Photon Cannon  
  175  14:19  Zealot  
  175  14:22  Pylon  
  175  14:23  Probe  
  177  14:25  Assimilator  
  177  14:30  Photon Cannon, Disruptor x2  
  173  14:33  Shield Battery  
  173  14:34  Zealot x9  
  197  14:48  Dark Templar  
  193  15:04  Stalker x3  
  193  15:24  Dark Templar x3  
  189  15:31  Zealot x7  
  193  15:38  Observer  
  193  15:39  Disruptor  
  193  15:40  Disruptor  
  121  15:53  Stalker x5  
  121  15:54  Stalker x2  
  130  16:00  Stalker x3  
  128  16:17  Stalker x5  
Tags
 
Add a new tag
Caveats
  • Supply blocks, unpowered buildings, or Contaminate may cause inaccurate times.
  • Supply counts are checked every 10 seconds.